 Dungeon Crawl Stone Soup version 0.20-a0-322-g1b51c6c (webtiles) character file.

73439 AlphabetPasta the Blocker (level 15, -1/128 HPs)
             Began as a Black Draconian Monk on Dec 20, 2016.
             Was the Champion of Okawaru.
             Slain by a basilisk (4 damage)
             ... on level 6 of the Lair of Beasts on Dec 21, 2016.
             The game lasted 01:35:39 (17208 turns).

AlphabetPasta the Blocker (Black Draconian Monk)   Turns: 17208, Time: 01:35:39

Health: -1/128     AC: 14    Str: 27    XL:     15   Next: 4%
Magic:  20/20      EV:  2    Int: 13    God:    Okawaru [******]
Gold:   926        SH:  0    Dex: 21    Spells: 14/14 levels left

rFire  + + .     SeeInvis .     a - +1 scimitar
rCold  . . .     Gourm    .     (armour unavailable)
rNeg   + + +     Faith    .     v - +2 shield
rPois  ∞         Spirit   .     V - +1 hat of the Untouchables {+Fly Str+7 Dex+4}
rElec  +         Reflect  .     Z - +0 cloak of Philately {rF+ rN+ Str+4 Int+2}
rCorr  .         Harm     .     n - +1 pair of gloves
MR     +....                    x - +0 pair of boots
Stlth  ++........               t - amulet of regeneration
                                o - +4 ring of evasion
                                P - ring of protection from fire

@: lethally poisoned (-1 -> -1), petrified, flying, very slightly contaminated,
invisible
A: breathe lightning, unfitting armour, antennae 1, big wings, electricity
resistance, cold-blooded, AC +9
a: Breathe Lightning, Stop Flying, Heroism, Finesse, Renounce Religion


You were on level 6 of the Lair of Beasts.
You worshipped Okawaru.
Okawaru was exalted by your worship.
You were not hungry.

You visited 3 branches of the dungeon, and saw 19 of its levels.
You also visited: Sewer.

You collected 1091 gold pieces.
You spent 165 gold pieces at shops.

Inventory:

Hand Weapons
 a - a +1 scimitar (weapon)
 b - a +9 fustibalus of flaming
Missiles
 y - 342 sling bullets
Armour
 n - a +1 pair of gloves (worn)
 v - a +2 shield (worn)
 x - a +0 pair of boots (worn)
 V - the +1 hat of the Untouchables (worn) {+Fly Str+7 Dex+4}
   (Okawaru gifted it to you on level 12 of the Dungeon)

   It affects your strength (+7).
   It affects your dexterity (+4).
   It lets you fly.
 Z - the +0 cloak of Philately (worn) {rF+ rN+ Str+4 Int+2}
   (Okawaru gifted it to you on level 4 of the Lair of Beasts)

   It affects your strength (+4).
   It affects your intelligence (+2).
   It protects you from fire.
   It protects you from negative energy.
Jewellery
 m - an uncursed ring of protection from magic
 o - a +4 ring of evasion (right hand)
 r - an uncursed ring of protection from cold
 t - an amulet of regeneration (around neck)
 B - an uncursed ring of see invisible
 D - an uncursed ring of poison resistance
 P - a ring of protection from fire (left hand)
 T - an uncursed ring of positive energy
Wands
 p - a wand of iceblast (3/15)
 q - a wand of paralysis (9/24)
 u - a wand of lightning (4/15)
 w - a wand of paralysis (9/24)
 z - a wand of confusion (26/48)
 A - a wand of disintegration (18/24)
 Q - a wand of slowing (34/48)
 W - a wand of iceblast (9/15)
Scrolls
 c - 13 scrolls of remove curse
 G - 3 scrolls of enchant armour
 I - 2 scrolls of magic mapping
 K - 2 scrolls of fog
 L - a scroll of recharging
 N - a scroll of teleportation
Potions
 f - 5 potions of curing
 h - a potion of resistance
 k - 2 potions of flight
 l - 2 potions of magic
 s - a potion of cancellation
 C - 2 potions of might
 E - 4 potions of heal wounds
 F - a potion of cure mutation
 S - 2 potions of invisibility
 X - a potion of agility {unknown}
Comestibles
 d - 12 bread rations
 g - 8 beef jerkies
 j - 12 meat rations
 R - 33 fruits
 Y - 6 royal jellies


   Skills:
 + Level 10.4 Fighting
 + Level 12.8 Long Blades
 + Level 11.8 Slings
 * Level 9.6 Dodging
 - Level 1.7 Stealth
 + Level 12.9 Shields
 - Level 7.6 Invocations
 + Level 5.5 Evocations


You had 14 spell levels left.
You didn't know any spells.

Dungeon Overview and Level Annotations

Branches:
Dungeon (12/15)            Temple (1/1) D:4            Lair (6/6) D:10
 Shoals (0/4) Lair:2        Snake (0/4) Lair:3        Slime (0/5) Lair:5
    Orc (0/2) D:11

Altars:
Ashenzari
Cheibriados
Dithmenos
Elyvilon
Fedhas
Gozag
Hepliaklqana
Kikubaaqudgha
Makhleb
Nemelex Xobeh
Okawaru
Qazlal
Ru
Sif Muna
Trog
Uskayaw
Vehumet
Xom
Yredelemnul
Zin
The Shining One
Jiyva

Shops:
D:6 =%   D:7 *   D:11 }

Annotations:
Lair:5 1 runed door
Lair:6 2 runed doors


Innate Abilities, Weirdness & Mutations

You can breathe wild blasts of lightning.
Your glossy black scales are hard. (AC +9)
You cannot fit into any form of body armour.
Your large and strong wings let you fly indefinitely.
You are resistant to electric shocks. (rElec)
You are cold-blooded and may be slowed by cold attacks.
You have a pair of small antennae on your head.


Message History

The basilisk bites you but does no damage.
The spiny frog stings you but does no damage.
The steam dragon bites you but does no damage.
The steam dragon claws you. The komodo dragon bites you!
* * * LOW HITPOINT WARNING * * *
All of the chunks of flesh in your inventory have rotted away.
The basilisk gazes at you. The spiny frog stings you.
The basilisk gazes at you. The steam dragon bites you!
* * * LOW HITPOINT WARNING * * *
The steam dragon claws you but does no damage.
The komodo dragon bites you!
* * * LOW HITPOINT WARNING * * *
The spiny frog stings you!
* * * LOW HITPOINT WARNING * * *
The basilisk bites you.
* * * LOW HITPOINT WARNING * * *
The basilisk bites you!
You die...

.........[..........##..##
#[#
......#.#######...P.P##..####
#.. ....#####§
#####P...../..###.. ..##
§§###########..........# .##
#§≈≈≈≈≈≈§######..#####.# (.#
##§≈≈..§≈§≈≈#######≈≈#.# ..P#
§≈≈≈...§§§≈≈§#####§≈##.. .###
§§....§l§...≈≈≈≈#§§§##.. ##
......)@F...##≈≈§§####.. #
.....≈llD..##≈≈≈≈## #..
...§§§§.≈≈####≈≈.#####..
.#≈§≈≈§.§≈≈≈ ###.8#8###.
#≈≈§##++##≈≈§##....## #. #≈≈#
.##≈##......# #. N§§
..#≈#..(...## #. §≈
D.#≈#.......####
.#≈≈........###


You could see a komodo dragon, a spiny frog, 2 basilisks and a steam dragon.

Vanquished Creatures
  Gastronok (D:8)
  Kirke (Lair:6)
  6 hydras
  5 two-headed ogres
  Sonja (Lair:3)
  5 skeletal warriors
  A deep elf mage (D:12)
  2 lindwurms
  An oklob plant (Lair:1)
  A manticore (D:12)
  5 black mambas
  Joseph (D:7)
  2 molten gargoyles (Lair:6)
  23 elephants
  10 spiny frogs
  5 rime drakes
  16 komodo dragons
  2 polar bears
  3 trolls
  A merfolk (D:12)
  3 blink frogs
  4 hippogriffs
  A meliai zombie (D:12)
  Grinder (D:5)
  8 yaks
  2 hogs
  A human (D:12)
  6 wyverns
  3 basilisks
  3 hungry ghosts
  5 nagas (Lair:3)
  5 hell hounds (Lair:6)
  15 water moccasins
  6 porcupines
  Purgy (Sewer)
  A sky beast (D:7)
  A black bear (D:10)
  A necrophage (D:10)
  An eye of draining (D:12)
  6 orc warriors
  5 ogres
  39 wolves
  A centaur (D:11)
  13 crocodiles
  2 big kobolds
  10 bullfrogs
  A wyvern skeleton (D:8)
  3 scorpions
  6 killer bees (D:12)
  10 wights
  An electric eel (Lair:1)
  2 howler monkeys
  4 crimson imps
  3 lava snakes (Lair:6)
  2 jellies
  10 hounds
  2 bullfrog skeletons
  4 centaur skeletons
  3 orc priests
  9 iguanas
  10 orc wizards
  8 worker ants
  A hound zombie (D:5)
  2 hound skeletons
  A worker ant zombie (D:5)
  8 gnolls
  11 adders
  A river rat (D:6)
  5 shadow imps
  2 adder skeletons (D:4)
  An adder zombie (D:6)
  5 worms
  2 leopard geckos
  38 orcs
  4 ball pythons
  5 giant cockroaches
  6 goblins
  5 hobgoblins
  14 jackals
  5 quokkas
  8 bats
  5 frilled lizards
  A jackal skeleton (D:6)
  32 kobolds
  A leopard gecko skeleton (D:4)
  5 rats
  A fungus (Lair:3)
  3 plants
486 creatures vanquished.

Vanquished Creatures (others)
  A human (Lair:6)
  A wight (D:12)
  8 fungi
  3 plants
13 creatures vanquished.

Grand Total: 499 creatures vanquished

Notes
Turn   | Place    | Note
-------+----------+-------------------------------------------
     0 | D:1      | AlphabetPasta the Draconian Monk began the quest for the Orb.
     0 | D:1      | Reached XP level 1. HP: 19/19 MP: 1/1
   582 | D:1      | Reached XP level 2. HP: 13/26 MP: 2/2
  1695 | D:2      | Reached XP level 3. HP: 26/33 MP: 3/3
  2031 | D:3      | Found a shadowy altar of Dithmenos.
  2367 | D:3      | Reached skill level 1 in Shields
  2367 | D:3      | Reached XP level 4. HP: 31/40 MP: 4/4
  2699 | D:4      | Noticed a bullfrog
  2715 | D:4      | Killed a bullfrog
  2715 | D:4      | Reached XP level 5. HP: 29/46 MP: 5/5
  2742 | D:4      | Found a staircase to the Ecumenical Temple.
  2751 | Temple   | Entered the Ecumenical Temple
  2764 | Temple   | Became a worshipper of Warmaster Okawaru
  2764 | Temple   | Reached * piety under Okawaru
  2764 | Temple   | Reached ** piety under Okawaru
  3195 | D:4      | Reached skill level 1 in Slings
  3513 | D:4      | Noticed an ogre
  3521 | D:4      | Killed an ogre
  3521 | D:4      | Reached XP level 6. HP: 49/52 MP: 6/6
  3596 | D:4      | Reached skill level 1 in Invocations
  3904 | D:5      | Entered Level 5 of the Dungeon
  4038 | D:5      | Your scales start taking on a glossy black colour.
  4038 | D:5      | Reached XP level 7. HP: 43/60 MP: 8/8
  4038 | D:5      | Gained mutation: You are resistant to electric shocks. (rElec) [Black Draconian growth]
  4074 | D:5      | Reached skill level 5 in Long Blades
  4096 | D:5      | Noticed Grinder
  4097 | D:5      | Paralysed by Grinder for 2 turns
  4103 | D:5      | Killed Grinder
  4103 | D:5      | Reached *** piety under Okawaru
  4553 | D:6      | Found a glowing drain.
  4587 | Sewer    | Entered a sewer
  4655 | Sewer    | Noticed Purgy
  4665 | Sewer    | Killed Purgy
  4665 | Sewer    | Reached skill level 5 in Fighting
  4791 | D:6      | Found Coplupne's Jewellery Shoppe.
  4800 | D:6      | Bought an uncursed ring of see invisible for 165 gold pieces
  4851 | D:6      | Reached XP level 8. HP: 58/68 MP: 9/9
  5009 | D:6      | Found Uggy's Food Shoppe.
  5818 | D:7      | Reached **** piety under Okawaru
  5830 | D:7      | Noticed Joseph
  6144 | D:7      | Reached skill level 5 in Dodging
  6282 | D:7      | Identified a scroll of acquirement
  6438 | D:7      | Found Exzetut's Assorted Antiques.
  6782 | D:7      | Reached XP level 9. HP: 51/75 MP: 11/11
  6912 | D:7      | Killed Joseph
  7037 | D:8      | Noticed Gastronok
  7132 | D:8      | Noticed a two-headed ogre
  7146 | D:8      | Killed a two-headed ogre
  7146 | D:8      | Reached skill level 5 in Slings
  7146 | D:8      | Reached skill level 5 in Shields
  7249 | D:8      | Killed Gastronok
  7249 | D:8      | Received a gift from Okawaru
  7249 | D:8      | Reached ***** piety under Okawaru
  7249 | D:8      | Reached skill level 5 in Invocations
  7249 | D:8      | Reached XP level 10. HP: 28/84 MP: 12/14
  7903 | D:9      | Noticed a two-headed ogre
  7920 | D:9      | Killed a two-headed ogre
  8702 | D:9      | Found a hide-covered altar of Uskayaw.
  8757 | D:10     | Entered Level 10 of the Dungeon
  8863 | D:10     | Noticed a two-headed ogre
  8875 | D:10     | Killed a two-headed ogre
  8875 | D:10     | Received a gift from Okawaru
  8894 | D:10     | Reached XP level 11. HP: 92/92 MP: 15/15
  9597 | D:10     | Found a staircase to the Lair.
  9795 | D:11     | Found Soz Vische's Gadget Emporium.
 10052 | D:11     | Received a gift from Okawaru
 10242 | D:11     | Found a staircase to the Orcish Mines.
 10282 | D:12     | Noticed a two-headed ogre
 10288 | D:12     | Killed a two-headed ogre
 10317 | D:12     | Noticed a two-headed ogre
 10317 | D:12     | Noticed a skeletal warrior
 10317 | D:12     | Noticed a skeletal warrior
 10322 | D:12     | Noticed a skeletal warrior
 10323 | D:12     | Noticed a skeletal warrior
 10328 | D:12     | Noticed a skeletal warrior
 10334 | D:12     | Killed a skeletal warrior
 10340 | D:12     | Killed a two-headed ogre
 10354 | D:11     | Reached skill level 10 in Long Blades
 10391 | D:11     | Killed a skeletal warrior
 10823 | D:12     | Killed a skeletal warrior
 10823 | D:12     | Received a gift from Okawaru
 10836 | D:12     | Got a heavily runed hat {god gift}
 10847 | D:12     | Identified the +1 hat of the Untouchables {+Fly Str+7 Dex+4} (Okawaru gifted it to you on level 12 of the Dungeon)
 10987 | D:12     | Noticed a deep elf mage
 10994 | D:12     | Killed a deep elf mage
 11016 | D:12     | Killed a skeletal warrior
 11022 | D:12     | Killed a skeletal warrior
 11152 | D:12     | Reached XP level 12. HP: 82/103 MP: 13/17
 11676 | Lair:1   | Entered Level 1 of the Lair of Beasts
 11677 | Lair:1   | Upgraded the game from 0.20-a0-317-gc038824 to 0.20-a0-322-g1b51c6c
 12648 | Lair:2   | Reached skill level 1 in Evocations
 12821 | Lair:2   | Found a staircase to the Shoals.
 12922 | Lair:2   | Received a gift from Okawaru
 13354 | Lair:3   | Reached skill level 10 in Shields
 13364 | Lair:3   | Received a gift from Okawaru
 13392 | Lair:3   | Received a gift from Okawaru
 13444 | Lair:3   | Noticed Sonja
 13462 | Lair:3   | Killed Sonja
 13548 | Lair:3   | Reached ****** piety under Okawaru
 13548 | Lair:3   | Received a gift from Okawaru
 13626 | Lair:3   | Found a staircase to the Snake Pit.
 13680 | Lair:3   | Noticed a seven-headed hydra
 13695 | Lair:3   | Killed a seven-headed hydra
 13695 | Lair:3   | Reached XP level 13. HP: 91/111 MP: 16/18
 13822 | Lair:3   | Received a gift from Okawaru
 13822 | Lair:3   | Reached skill level 10 in Slings
 14365 | Lair:4   | Received a gift from Okawaru
 14368 | Lair:4   | Got a brightly glowing cloak {god gift}
 14379 | Lair:4   | Identified the +0 cloak of Philately {rF+ rN+ Str+4 Int+2} (Okawaru gifted it to you on level 4 of the Lair of Beasts)
 14721 | Lair:4   | Gained mutation: You have a pair of small antennae on your head. [potion of beneficial mutation]
 15148 | Lair:5   | Gained mutation: Your large and strong wings let you fly indefinitely. [Black Draconian growth]
 15148 | Lair:5   | Reached XP level 14. HP: 118/118 MP: 19/19
 15577 | Lair:5   | Found a runed door.
 15579 | Lair:5   | Found a viscous altar of Jiyva.
 15579 | Lair:5   | Noticed an acid blob
 15579 | Lair:5   | Noticed an acid blob
 15580 | Lair:5   | Noticed an acid blob
 15581 | Lair:5   | Found a staircase to the Slime Pits.
 15581 | Lair:5   | Noticed an acid blob
 15582 | Lair:5   | Noticed an acid blob
 16248 | Lair:6   | Entered Level 6 of the Lair of Beasts
 16289 | Lair:5   | Reached skill level 10 in Fighting
 16422 | Lair:5   | Received a gift from Okawaru
 16517 | Lair:6   | Received a gift from Okawaru
 16548 | Lair:6   | Noticed Kirke
 16837 | Lair:6   | Killed Kirke
 16837 | Lair:6   | Received a gift from Okawaru
 16841 | Lair:6   | Reached skill level 5 in Evocations
 16951 | Lair:6   | Received a gift from Okawaru
 17003 | Lair:6   | Reached XP level 15. HP: 82/128 MP: 20/20
 17011 | Lair:6   | Received a gift from Okawaru
 17178 | Lair:6   | Found a large runed door.
 17179 | Lair:6   | Found a large runed door.
 17208 | Lair:6   | HP: 6/128 [spiny frog (8)]
 17208 | Lair:6   | Slain by a basilisk

Vault maps used:
D:1:      matt_arrival_diagonals
D:3:      nicolae_dithmenos_shadow_blocks
D:4:      kennysheep_kobold_camp, first_bread
D:5:      uniq_grinder
D:6:      portal_sewer_entry_b, serial_shops, nicolae_shop_crystal,
          kennysheep_mini
D:7:      serial_shops, kennysheep_mini_moat, uniq_joseph
D:8:      uniq_gastronok
D:9:      basic_altar
D:10:     grunt_lair_entry_orc_guard_hut
D:11:     orc_0_dummy, serial_shops, nicolae_shop_statue_plus
D:12:     hangedman_stone_soup
Temple:   nicolae_temple_the_god_donut
Lair:1:   nicolae_quartered_pool_medium, st_stairs_12,
          minmay_lair_oklob_chamber, grunt_megastairs_2
Lair:2:   beast_lair_carwin_large_1, shoals_dummy_entry
Lair:3:   minmay_snake_entry_guardpost_medium, uniq_sonja
Lair:4:   grunt_forest_small_clearings
Lair:5:   slime_altar_2, grunt_forest_large_clearings
Lair:6:   cheibrodos_lair_end_hotspot, uniq_kirke
Sewer:    kennysheep_door_sewer

Skill      XL: |  1  2  3  4  5  6  7  8  9 10 11 12 13 14 |
---------------+-------------------------------------------+-----
Dodging        | 3 4 5 6 7 8 9 |  9.6
Shields        | 1 2 3 6 7 9 10 12 | 12.9
Long Blades    | 4 5 6 8 9 10 11 12 | 12.8
Fighting       | 4 5 6 7 8 9 10 | 10.4
Slings         | 1 2 3 4 6 7 8 9 10 11 | 11.8
Invocations    | 1 2 3 5 6 7 |  7.6
Evocations     | 3 5 |  5.5
Stealth        | |  1.7

Action                   |  1- 3 |  4- 6 |  7- 9 | 10-12 | 13-15 || total
-------------------------+-------+-------+-------+-------+-------++-------
Melee: Falchion          |   121 |    25 |       |       |       ||   146
       Tailslap          |    18 |    27 |    65 |   189 |   161 ||   460
       Scimitar          |       |   128 |   335 |   851 |   451 ||  1765
 Fire: Hunting sling     |       |       |       |    25 |       ||    25
       Fustibalus        |       |       |       |   118 |    86 ||   204
Invok: Heroism           |       |     1 |     3 |    16 |     6 ||    26
       Finesse           |       |       |       |     3 |     1 ||     4
 Abil: Breathe Lightning |       |       |     6 |     8 |     8 ||    22
       Fly               |       |       |       |       |     1 ||     1
Evoke: Wand              |       |     1 |     1 |       |       ||     2
  Use: Scroll            |    10 |     7 |    11 |    12 |     7 ||    47
       Potion            |       |       |     4 |       |     4 ||     8
 Stab: Sleeping          |     6 |       |     3 |     7 |     3 ||    19
       Distracted        |       |       |       |     3 |     1 ||     4
       Invisible         |       |       |       |       |     1 ||     1
  Eat: Chunk             |     4 |     6 |    12 |    21 |    13 ||    56
       Fruit             |       |       |       |     2 |       ||     2
       Pizza             |       |       |       |     1 |       ||     1
Armor: Skin              |    21 |    14 |    51 |    84 |   111 ||   281
Dodge: Dodged            |    58 |    69 |   192 |   481 |   436 ||  1236
Block: Shield            |    25 |    45 |   138 |   440 |   459 ||  1107
       Rpst.: Falchion   |    13 |     3 |       |       |       ||    16
       Scimitar          |       |    19 |    46 |   110 |    99 ||   274
